Map: Heavy Artillery LE

Players

qqq

  • Race: Zerg Zerg
  • Spawn Location: 7:00

Massa

  • Race: Terran Terran
  • League: Platinum
  • Spawn Location: 7:00

conspiracy

  • Race: Zerg Zerg
  • League: Diamond
  • Spawn Location: 3:00

aMATTeur

  • Race: Terran Terran
  • League: Master
  • Spawn Location: 1:00

VOD

Have the link to the VOD?

Description

Time

  • Played on: Jan. 28, 2021, 2:33 p.m.
  • Length: 19:11
Show
View Real Time Build Order
Export as new Build Order

qqq Zerg 

Build Orders: Hatch First 

Get SALT Encoding   

  12  0:00  Drone  
  13  0:08  Drone  
  14  0:19  Overlord  
  14  0:45  Hatchery  
  14  0:49  Drone  
  14  0:52  Drone  
  15  0:59  Drone  
  16  1:23  Drone, Extractor, Spawning Pool  
  16  1:25  Drone  
  16  1:30  Drone  
  17  1:40  Drone  
  18  2:01  Drone x2  
  18  2:03  Drone  
  21  2:15  Queen  
  23  2:16  Drone  
  23  2:20  Overlord  
  26  2:30  Drone x2  
  26  2:36  Overlord  
  28  2:40  Drone  
  29  2:45  Lair  
  29  2:48  Drone  
  29  2:49  Drone  
  29  2:52  Queen  
  29  2:56  Drone  
  32  3:01  Overlord  
  32  3:04  Extractor  
  32  3:05  Drone  
  32  3:07  Zergling x2  
  32  3:11  Drone, Extractor  
  33  3:16  Drone  
  34  3:25  Drone  
  34  3:26  Drone x3  
  38  3:33  Drone  
  39  3:45  Spire  
  39  3:46  Drone  
  39  3:52  Drone  
  39  3:54  Drone  
  41  3:56  Drone  
  41  3:57  Hatchery  
  41  4:01  Extractor  
  41  4:02  Drone  
  41  4:03  Extractor  
  41  4:06  Drone, Overlord  
  41  4:08  Drone  
  42  4:12  Drone  
  43  4:19  Spine Crawler  
  43  4:23  Spine Crawler  
  41  4:26  Spine Crawler  
  38  4:47  Spine Crawler  
  38  4:48  Spine Crawler  
  36  4:55  Spine Crawler  
  36  4:56  Mutalisk x2  
  36  4:57  Mutalisk, Spine Crawler  
  36  5:01  Mutalisk  
  37  5:18  Drone  
  38  5:25  Mutalisk  
  38  5:26  Zergling x4  
  38  5:27  Zergling x4  
  44  5:41  Mutalisk  
  44  5:42  Zergling x2  
  46  5:48  Drone  
  46  5:49  Drone x2  
  49  5:57  Mutalisk  
  49  6:00  Drone  
  52  6:19  Infestation Pit  
  52  6:20  Drone  
  52  6:29  Hatchery, Overlord x2  
  52  6:30  Drone  
  41  6:49  Mutalisk x2  
  41  6:50  Drone  
  41  6:51  Drone  
  46  7:08  Drone x2  
  46  7:11  Extractor  
  46  7:12  Extractor  
  46  7:14  Drone x3  
  48  7:26  Mutalisk  
  48  7:28  Drone x2  
  52  7:37  Hatchery, Infestor  
  52  7:38  Drone  
  52  7:42  Drone  
  55  7:47  Drone  
  55  7:50  Mutalisk  
  58  7:59  Drone x2  
  58  8:02  Infestor  
  62  8:05  Drone  
  62  8:06  Queen  
  62  8:08  Queen  
  62  8:09  Drone  
  68  8:16  Drone  
  68  8:18  Infestor  
  71  8:22  Zerg Flyer Weapons Level 1  
  71  8:25  Drone x2  
  73  8:30  Overlord  
  73  8:32  Drone  
  74  8:38  Overlord  
  74  8:49  Queen  
  74  8:50  Drone  
  74  8:51  Drone x3  
  80  8:58  Infestor x2  
  80  9:01  Drone x2  
  86  9:02  Mutalisk  
  88  9:10  Mutalisk, Overlord  
  88  9:15  Drone x2  
  92  9:29  Drone x3  
  92  9:30  Drone x2  
  97  9:31  Mutalisk x3  
  97  9:35  Overseer x2  
  97  9:38  Pneumatized Carapace  
  103  9:55  Spore Crawler x2  
  103  9:56  Spine Crawler, Overlord  
  103  9:57  Overlord x3  
  103  9:58  Spine Crawler  
  99  10:01  Hive  
  99  10:06  Overlord  
  99  10:16  Drone x4  
  99  10:17  Drone x2  
  99  10:18  Mutalisk  
  99  10:19  Mutalisk x2  
  111  10:22  Mutalisk  
  111  10:26  Neural Parasite  
  113  10:30  Drone x2  
  115  10:46  Drone  
  115  10:47  Drone x4  
  120  10:58  Spore Crawler  
  120  11:01  Spore Crawler  
  120  11:02  Spore Crawler  
  117  11:04  Spore Crawler  
  117  11:05  Drone x2, Spore Crawler  
  117  11:07  Mutalisk  
  117  11:08  Mutalisk  
  117  11:11  Zerg Flyer Armor Level 1  
  121  11:12  Spore Crawler  
  114  11:30  Infestor x3  
  114  11:31  Mutalisk x3, Zergling x4  
  114  11:32  Mutalisk  
  130  11:33  Drone x2  
  130  11:34  Drone  
  133  11:44  Infestor  
  135  11:47  Overlord x4  
  135  11:48  Drone  
  127  12:38  Mutalisk x5  
  127  12:39  Mutalisk x4  
  127  12:41  Drone x3  
  129  12:55  Mutalisk x3  
  131  13:04  Zerg Flyer Weapons Level 2  
  129  13:15  Infestor x2  
  129  13:16  Zergling x6  
  129  13:17  Zergling x2  
  137  13:23  Hatchery  
  137  13:25  Hatchery  
  135  13:31  Spore Crawler  
  135  13:32  Hatchery  
  133  13:37  Infestor x2  
  130  14:28  Hatchery  
  112  15:10  Mutalisk x5  
  112  15:11  Mutalisk x4  
  128  15:18  Overseer x2  
  128  15:21  Drone x3  
  131  15:34  Drone  
  130  15:44  Infestor x2  
  130  15:45  Mutalisk x3  
  140  15:54  Spire  
  140  15:56  Drone x3  
  140  15:57  Drone  
  143  16:01  Greater Spire  
  128  16:16  Drone x2  
  130  16:20  Spore Crawler  
  130  16:21  Spine Crawler  
  130  16:22  Spore Crawler x2  
  130  16:23  Spine Crawler  
  126  16:40  Drone x2  
  109  16:55  Infestor  
  109  16:56  Infestor x5  
  119  17:04  Drone x2  
  121  17:11  Mutalisk x2, Corruptor x3  
  119  17:31  Mutalisk x2  
  119  17:41  Mutalisk x2  
  119  17:44  Drone x3  
  126  17:55  Drone  
  126  17:57  Extractor  
  126  17:59  Extractor  
  105  18:34  Infestor x2  
  105  18:37  Mutalisk x2  
Show
View Real Time Build Order
Export as new Build Order

Massa Terran 

Build Orders:  

Get SALT Encoding   

  12  0:00  SCV  
  13  0:13  SCV  
  14  0:23  Supply Depot  
  14  0:25  SCV  
  15  0:45  SCV  
  15  0:46  Barracks  
  16  0:50  Refinery  
  16  0:57  SCV  
  17  1:09  SCV  
  18  1:21  SCV  
  19  1:37  Orbital Command  
  19  1:39  Barracks Reactor  
  19  1:43  Command Center  
  19  1:45  Barracks Reactor  
  19  2:05  SCV  
  20  2:12  Supply Depot  
  20  2:17  Factory  
  20  2:21  Marine x2  
  22  2:33  SCV  
  22  2:35  Supply Depot  
  23  2:38  Marine  
  23  2:39  Marine  
  25  2:49  SCV  
  26  2:56  Marine x2  
  28  3:00  Orbital Command  
  28  3:01  SCV  
  29  3:08  Starport  
  29  3:24  Barracks Tech Lab, Hellion x2  
  33  3:28  SCV x2  
  35  3:37  Barracks, Supply Depot  
  35  3:39  Refinery  
  35  3:40  SCV  
  35  3:41  SCV  
  37  3:52  Hellion x2  
  37  3:55  SCV x2  
  43  4:04  Banshee  
  46  4:14  Widow Mine x2  
  46  4:16  Marine  
  41  4:30  Marine  
  38  4:33  Marine  
  34  4:41  SCV x2  
  34  4:42  Widow Mine  
  35  4:47  Banshee  
  35  4:48  Marine  
  35  4:49  Widow Mine  
  33  4:53  SCV x2  
  33  4:54  Barracks  
  33  4:56  Barracks  
  32  5:05  SCV, Marine  
  33  5:11  Widow Mine  
  28  5:17  SCV  
  24  5:23  Marine  
  24  5:25  Orbital Command  
  21  5:29  Marine  
  21  5:32  Widow Mine  
  24  5:40  Marine  
  25  5:47  Marine  
  25  5:57  Orbital Command  
  25  6:02  Starport Tech Lab  
  25  6:03  Factory Tech Lab  
  25  6:17  Barracks Tech Lab  
  25  6:18  SCV  
  17  7:18  Marine  
  18  7:23  Refinery  
  18  7:24  SCV x2  
  18  7:25  Refinery  
  17  7:35  Marine  
  17  7:36  SCV x2  
  15  7:39  Widow Mine  
  17  7:48  SCV x2, Supply Depot  
  19  8:00  SCV x2  
  19  8:02  Barracks  
  21  8:11  Barracks  
  21  8:12  SCV  
  22  8:13  Siege Tank  
  25  8:39  SCV x2  
  26  8:51  SCV x2  
  26  8:55  Barracks Reactor  
  28  8:56  Starport Reactor  
  28  9:01  Barracks Reactor  
  28  9:03  SCV x2  
  28  9:05  Concussive Shells  
  28  9:06  Marine  
  28  9:07  Marine  
  32  9:13  Supply Depot  
  32  9:15  SCV x2  
  30  9:24  Marine  
  30  9:27  SCV  
  33  9:34  Barracks Tech Lab  
  33  9:35  Medivac  
  34  9:42  Marine  
  35  9:46  SCV x2  
  35  9:47  Engineering Bay  
  37  9:58  SCV x2  
  39  10:00  Marine  
  39  10:01  Marine x5  
  45  10:10  SCV, Stimpack  
  46  10:18  Marine x3  
  49  10:34  Marine x3  
  52  10:36  Marine x3  
  52  10:42  Medivac  
  57  10:52  Refinery, SCV x2, Marine  
  57  10:53  Refinery  
  57  10:55  Marine x2  
  57  10:56  Marine x3  
  65  10:58  Combat Shield  
  65  11:04  Widow Mine, SCV x2  
  69  11:27  Marine x2  
  69  11:28  Marauder x2, Marine x2  
  77  11:45  Marine  
  78  11:53  Medivac  
  78  11:54  SCV x2  
  62  11:57  Siege Tank  
  65  12:06  SCV x2  
  63  12:15  Missile Turret  
  63  12:18  SCV x2  
  63  12:19  Missile Turret  
  65  12:24  Terran Infantry Weapons Level 1  
  65  12:27  Command Center  
  65  12:35  Missile Turret  
  62  12:40  Marauder x2, Marine x3  
  69  12:46  SCV x2  
  71  12:55  Missile Turret  
  71  13:04  Missile Turret  
  71  13:15  Missile Turret  
  71  13:24  Sensor Tower  
  52  13:36  Marine x2  
  52  13:37  Marauder x2, Marine x2  
  58  13:54  Marine x3  
  58  13:55  Marine  
  62  13:59  Marauder x2  
  62  14:01  Medivac  
  62  14:02  Medivac  
  70  14:12  Marine x2, Siege Tank  
  75  14:20  Marauder  
  77  14:28  Marine  
  78  14:38  Marauder  
  78  14:41  Marauder  
  74  14:49  Marine x4  
  78  15:03  Terran Infantry Armor Level 1  
  78  15:04  Supply Depot  
  78  15:25  SCV, Marauder, Marine x5  
  86  15:51  Command Center  
  86  15:52  Marine  
  86  15:53  Marauder  
  85  15:57  Marauder  
  74  16:44  SCV  
  70  16:50  Supply Depot  
  70  16:51  SCV, Supply Depot x2  
  70  16:52  Supply Depot  
  70  16:54  Marauder, Siege Tank  
  66  16:56  SCV  
  51  17:03  SCV  
  51  17:04  Command Center  
  51  17:06  Marauder, Marine x4  
  51  17:08  SCV  
  51  17:15  Marauder, Supply Depot  
  53  17:18  Supply Depot  
  53  17:23  Marine  
  53  17:24  Marine x3, Medivac x2  
  53  17:26  Siege Tank  
  53  17:27  Marauder  
  66  17:36  Marine  
  67  17:41  Marine x2  
  69  17:53  Marauder, Marine x2  
  69  17:54  Marine  
  74  17:59  Marine  
  74  18:01  Armory  
  75  18:12  Marauder  
  77  18:14  Marauder  
Show
View Real Time Build Order
Export as new Build Order

conspiracy Zerg 

Build Orders: Pool First 

Get SALT Encoding   

  12  0:00  Drone  
  13  0:12  Overlord  
  13  0:18  Drone  
  14  0:30  Drone x2  
  16  0:36  Drone  
  17  0:45  Drone  
  18  0:51  Extractor  
  18  0:52  Spawning Pool  
  16  0:57  Drone  
  17  1:09  Drone  
  18  1:17  Drone  
  19  1:29  Drone  
  20  1:38  Queen  
  20  1:39  Overlord  
  22  1:58  Hatchery  
  22  2:01  Metabolic Boost  
  21  2:03  Zergling x2  
  21  2:04  Zergling x2  
  23  2:19  Queen  
  25  2:26  Drone x2  
  25  2:28  Baneling Nest  
  25  2:29  Extractor  
  25  2:42  Zergling x2  
  26  2:50  Zergling x6  
  26  2:51  Zergling x2  
  30  2:58  Overlord  
  30  3:16  Zergling x4  
  32  3:27  Lair  
  32  3:28  Zergling x4  
  34  3:39  Zergling x2  
  34  3:40  Zergling x6  
  38  3:47  Spore Crawler  
  37  3:53  Overlord  
  37  3:54  Overlord  
  36  4:16  Zergling x2  
  40  4:17  Zergling x14  
  44  4:33  Baneling x3  
  44  4:49  Queen  
  44  4:54  Drone x2  
  45  5:02  Spore Crawler  
  43  5:16  Drone  
  43  5:17  Drone x4  
  45  5:35  Spire  
  40  5:48  Drone  
  40  5:49  Drone x4  
  40  5:53  Overseer  
  36  6:01  Spore Crawler  
  35  6:04  Spore Crawler  
  34  6:14  Queen  
  34  6:16  Drone x2  
  38  6:18  Drone  
  36  6:52  Queen  
  36  6:53  Mutalisk, Queen  
  36  6:54  Mutalisk x2  
  38  7:03  Zergling x2  
  38  7:04  Zergling x8  
  42  7:14  Drone x2  
  43  7:43  Drone x2  
  43  7:44  Drone x4  
  49  7:53  Overlord x2  
  49  7:54  Extractor  
  48  7:59  Zerg Flyer Weapons Level 1  
  48  8:01  Drone  
  48  8:02  Drone  
  50  8:18  Mutalisk  
  50  8:19  Mutalisk x4  
  60  8:26  Drone x3  
  63  8:39  Extractor  
  62  8:52  Mutalisk  
  62  8:53  Mutalisk x5  
  74  9:05  Drone  
  75  9:11  Overlord  
  75  9:17  Pneumatized Carapace  
  75  9:19  Hatchery  
  74  9:31  Drone x5  
  75  9:33  Overlord  
  79  9:53  Drone x2  
  79  9:54  Drone x3, Infestation Pit  
  83  10:16  Zerg Flyer Weapons Level 2  
  83  10:20  Hatchery  
  82  10:23  Evolution Chamber  
  82  10:26  Evolution Chamber  
  80  10:31  Queen  
  80  10:54  Hive  
  80  11:03  Zerg Melee Weapons Level 1, Zerg Ground Armor Level 1  
  80  11:04  Centrifical Hooks  
  80  11:06  Zergling x14  
  80  11:07  Zergling x6  
  90  11:34  Drone  
  90  11:35  Drone x12  
  101  12:10  Baneling x3  
  101  12:11  Baneling x13  
  101  12:16  Ultralisk Cavern  
  101  12:18  Extractor  
  101  12:19  Extractor  
  75  12:51  Mutalisk x8  
  73  12:52  Mutalisk x3  
  91  12:59  Spore Crawler x2  
  91  13:04  Queen  
  89  13:09  Drone  
  89  13:10  Drone x6  
  89  13:11  Queen  
  90  13:38  Ultralisk  
  90  13:39  Ultralisk  
  102  13:42  Overlord x3  
  102  13:46  Zerg Melee Weapons Level 2  
  102  13:49  Chitinous Plating  
  102  13:52  Drone x2  
  102  13:53  Overlord x3  
  104  14:19  Ultralisk x2  
  109  14:53  Ultralisk x2  
  109  14:54  Ultralisk  
  109  15:18  Zergling x32  
  109  15:19  Zergling x10  
  130  15:27  Spore Crawler  
  130  15:28  Spore Crawler  
  128  15:38  Drone x3  
  128  15:39  Drone x3  
  134  15:43  Zerg Ground Armor Level 2  
  134  15:45  Anabolic Synthesis, Spore Crawler  
  134  15:47  Adrenal Glands  
  134  15:48  Spore Crawler  
  132  15:57  Baneling  
  132  15:58  Baneling x12  
  132  15:59  Zergling x6  
  132  16:00  Zergling x14  
  136  16:20  Mutalisk x2  
  136  16:21  Mutalisk  
  142  16:36  Queen  
  142  16:37  Overlord  
  142  16:38  Overlord x4  
  90  17:06  Mutalisk x5  
  90  17:08  Zergling x6  
  87  17:09  Zergling x12  
  87  17:10  Zergling x10  
  100  17:16  Spore Crawler  
  100  17:17  Spore Crawler  
  91  17:45  Drone x8  
  91  17:50  Baneling x9, Spore Crawler x3  
  91  17:51  Baneling  
  96  18:12  Hatchery, Ultralisk x2  
  107  18:24  Extractor  
  107  18:26  Extractor  
  95  18:53  Zergling x12  
  95  18:54  Zergling x8  
Show
View Real Time Build Order
Export as new Build Order

aMATTeur Terran 

Build Orders: 2 Factory, Hellion Opening 

Get SALT Encoding   

  12  0:00  SCV  
  13  0:12  SCV  
  14  0:18  Supply Depot  
  14  0:25  SCV  
  15  0:30  Refinery  
  15  0:39  SCV  
  16  0:45  Barracks  
  16  0:55  Supply Depot  
  16  0:57  SCV  
  17  1:09  SCV  
  18  1:12  Refinery  
  18  1:21  SCV  
  19  1:32  Marine  
  20  1:42  Orbital Command  
  20  1:57  Barracks Tech Lab  
  20  2:12  SCV  
  20  2:13  Command Center  
  21  2:21  Factory  
  21  2:24  SCV  
  22  2:34  Factory  
  22  2:39  Barracks Reactor  
  22  2:42  SCV  
  23  2:54  SCV  
  24  3:05  Infernal Pre-Igniter  
  26  3:06  Hellion  
  26  3:09  SCV  
  27  3:21  SCV  
  28  3:27  Hellion  
  28  3:28  Orbital Command, Hellion  
  28  3:33  SCV  
  33  3:34  Hellion  
  35  3:45  Supply Depot  
  35  3:49  Hellion  
  35  3:51  SCV  
  35  3:52  Supply Depot  
  38  3:57  Hellion  
  40  4:03  SCV  
  41  4:13  Hellion x2  
  43  4:19  Hellion  
  43  4:21  SCV, Barracks Tech Lab  
  43  4:23  SCV  
  47  4:29  Engineering Bay  
  47  4:33  SCV  
  47  4:34  Hellion  
  50  4:50  Hellion  
  50  4:51  Hellion  
  54  4:56  Hellion  
  56  5:03  Missile Turret  
  56  5:05  Missile Turret  
  56  5:06  Missile Turret x2  
  54  5:07  SCV x2  
  54  5:12  Hellion  
  44  5:32  SCV x2  
  46  5:35  Refinery  
  46  5:36  Refinery  
  46  5:40  Engineering Bay  
  46  5:44  SCV, Barracks, Stimpack  
  46  5:45  SCV, Armory  
  46  5:46  Starport  
  48  5:50  Barracks  
  48  5:56  SCV, Barracks  
  49  6:02  SCV  
  50  6:09  SCV  
  49  6:14  Widow Mine x3, SCV  
  56  6:20  Marine  
  56  6:21  SCV  
  56  6:25  Starport Reactor  
  58  6:38  Widow Mine  
  58  6:39  Widow Mine  
  62  7:18  Supply Depot  
  62  7:19  Terran Infantry Armor Level 1, Terran Infantry Weapons Level 1  
  62  7:20  Supply Depot  
  62  7:21  Supply Depot  
  62  7:22  Marine x2, Medivac  
  62  7:23  Widow Mine x3, Marine x2, Medivac  
  75  7:35  Drilling Claws  
  75  7:40  Marine x2  
  75  7:41  Marine x2  
  79  7:44  Widow Mine x2  
  79  7:45  Widow Mine  
  79  7:47  Combat Shield  
  79  7:50  Command Center  
  85  7:51  Command Center  
  85  7:53  SCV x2  
  85  7:54  Supply Depot x3  
  85  7:58  Marine x3  
  91  8:05  SCV  
  91  8:16  Widow Mine x3  
  91  8:17  Barracks Reactor x2  
  91  8:19  Barracks Reactor  
  97  8:20  Terran Vehicle And Ship Armor Level 1  
  97  8:22  Medivac x2  
  97  8:23  Marine  
  102  8:36  SCV x2  
  102  8:40  Widow Mine x3, Marine  
  111  8:47  Missile Turret  
  111  8:48  SCV  
  112  8:49  Missile Turret  
  112  8:51  Supply Depot x2  
  112  8:53  Supply Depot  
  112  8:56  Marine x4  
  112  9:01  Widow Mine, SCV  
  112  9:02  SCV  
  119  9:29  Marine x7  
  119  9:31  Orbital Command  
  126  9:43  Barracks  
  126  9:45  Barracks  
  126  9:46  Barracks  
  126  9:47  Marine x4  
  126  9:49  Widow Mine x3  
  136  9:59  SCV x2  
  139  10:00  SCV  
  139  10:15  Planetary Fortress  
  139  10:17  SCV  
  139  10:18  SCV x2, Missile Turret  
  139  10:20  Missile Turret  
  142  10:23  Terran Infantry Armor Level 2, Terran Infantry Weapons Level 2  
  142  10:27  Marine x6  
  148  10:29  Widow Mine x3  
  148  10:30  SCV x2  
  156  10:35  Refinery  
  156  10:37  Refinery  
  156  10:41  Missile Turret  
  156  10:50  Widow Mine  
  156  10:53  Missile Turret  
  156  10:54  SCV x4  
  162  10:57  Missile Turret  
  162  11:06  SCV  
  163  11:12  Marine  
  163  11:13  Barracks Reactor x2, Barracks Tech Lab  
  145  11:29  Marine x7  
  152  11:35  Medivac  
  152  11:36  Medivac  
  152  11:37  Widow Mine x3  
  152  11:38  SCV x4  
  166  11:47  Marine x5  
  164  11:50  SCV x3, Marine  
  164  11:51  Marine x6  
  177  11:58  Widow Mine  
  175  12:04  Marine  
  175  12:05  Marine x4  
  179  12:08  Marine  
  180  12:21  Marine x2  
  180  12:22  Widow Mine x2  
  180  12:28  Marine x2  
  180  12:29  Marine  
  180  12:35  Marine  
  180  12:37  Marine  
  180  12:39  Supply Depot  
  180  12:42  Supply Depot x2  
  180  12:43  Widow Mine, Marine x7, Medivac x2, Supply Depot  
  193  12:46  Marine x2  
  193  12:56  Marine x3  
  193  12:57  Terran Infantry Weapons Level 3  
  196  12:59  Terran Infantry Armor Level 3  
  196  13:00  Terran Vehicle And Ship Armor Level 2  
  196  13:01  Marine x2  
  196  13:02  Widow Mine  
  169  14:26  Marine  
  169  14:27  Marine x11  
  171  14:44  Marine x8  
  171  14:45  Marine x4  
  170  14:48  Widow Mine x2  
  170  14:49  Widow Mine, Medivac x2  
  180  14:54  Command Center x2  
  180  15:02  Marine x4  
  184  15:10  Widow Mine, Missile Turret  
  184  15:11  Missile Turret  
  184  15:13  Missile Turret  
  186  15:16  Marine  
  186  15:17  Marine x7  
  186  15:19  Medivac x2  
  186  15:20  Marine x2  
  199  15:34  Marine x2  
  176  16:12  Marine x7  
  176  16:13  Marine x5  
  176  16:14  Medivac x2  
  176  16:15  Widow Mine x3  
  191  16:30  Marine x4  
  191  16:31  Terran Vehicle And Ship Armor Level 3  
  185  16:36  Widow Mine x2  
  185  16:39  Widow Mine  
  187  16:58  Widow Mine x2  
  191  17:01  Marine  
  191  17:02  Marine x8  
  200  17:17  Barracks  
  200  17:18  Barracks  
  200  17:21  Barracks  
  200  17:24  Barracks  
  200  17:33  Planetary Fortress  
  200  17:38  Missile Turret  
  200  17:39  Missile Turret x2  
  200  17:40  Missile Turret  
  200  17:41  Missile Turret  
  200  17:42  Refinery  
  200  17:43  Refinery  
  200  17:47  Missile Turret  
  200  17:56  Planetary Fortress  
  200  18:00  Missile Turret  
  200  18:03  Missile Turret  
  200  18:08  Missile Turret  
  200  18:09  Missile Turret  
  193  18:13  Missile Turret x2  
  193  18:16  Missile Turret  
  193  18:17  Missile Turret  
  184  18:29  Missile Turret  
  184  18:30  Marine x9  
  185  18:34  Missile Turret  
  185  18:35  Marine  
  185  18:36  Marine x2, Missile Turret  
  185  18:37  Widow Mine x3, Missile Turret  
  185  18:39  Missile Turret  
  192  18:48  Marine x5  
  193  18:51  Missile Turret  
  185  18:56  Missile Turret  
  185  18:57  Missile Turret  
  185  18:58  Missile Turret  
  185  19:02  Missile Turret  
Tags
 
Add a new tag
Caveats
  • Supply blocks, unpowered buildings, or Contaminate may cause inaccurate times.
  • Supply counts are checked every 10 seconds.